AoeStats
← 匹皮姆貓

Arabia

507992899Analyzed
3v3 RM · 11d ago on Sep 20, 2026· 53m 25s· 6 players
Game mode
Random Map
Map size
Normal (6 player)
Population
200
Speed
Normal
Resources
Standard
Victory
Conquest
Starting age
Dark Age
Ending age
Imperial Age
RankedLock teamsTeams togetherTeam positionsShared explorationLock speedFull tech treeHidden civsTurbo modeCheats
Victory
Defeat
🇹🇼 Magyars · Taiwan
1268
+14
🇹🇼 Britons · Taiwan
1265
+14
🇹🇼 Khmer · Taiwan
1264
+14
🇲🇴 Jurchens · Macao SAR China
1247
-15
🇨🇭 Byzantines · Switzerland
1224
-14
🇨🇳 Persians · China
1191
-13
danielchanlam
7:18 Loom
9:33 Feudal Age
17:57 Horse Collar
19:21 Double-Bit Axe
21:43 Castle Age
21:48 Wheelbarrow
23:52 Bow Saw
24:09 Gold Mining
26:20 Pikeman
29:04 Gold Shaft Mining
29:03 Heavy Plow
33:24 Squires
37:02 Imperial Age
38:47 Ballistics
40:29 Two-Man Saw
40:41 Scale Mail Armor
40:51 Forging
42:56 Halberdier
44:17 Chain Mail Armor
44:38 Iron Casting
45:14 Gambesons
45:35 Elite Fire Lancer
males
9:55 Feudal Age
10:22 Double-Bit Axe
12:00 Horse Collar
17:32 Forging
19:15 Gold Mining
19:42 Bloodlines
20:41 Scale Barding Armor
21:36 Wheelbarrow
24:07 Castle Age
26:22 Gold Shaft Mining
26:00 Heavy Plow
26:15 Bow Saw
26:25 Husbandry
27:15 Loom
29:10 Chain Barding Armor
30:02 Iron Casting
30:38 Hand Cart
30:17 Stone Mining
37:08 Imperial Age
35:31 Fletching
38:03 Plate Barding Armor
37:36 Town Watch
39:09 Blast Furnace
39:40 Ballistics
40:20 Chemistry
40:15 Stone Shaft Mining
40:32 Bodkin Arrow
40:13 Cavalier
42:02 Conscription
41:50 Herbal Medicine
42:48 Scale Mail Armor
42:14 Savar
44:08 Citadels
44:02 Heavy Camel Rider
44:52 Town Patrol
45:05 Padded Archer Armor
45:46 Chain Mail Armor
51:32 Leather Archer Armor
51:01 Pikeman
52:43 Halberdier
taerue
6:57 Loom
9:17 Feudal Age
9:45 Double-Bit Axe
13:06 Fletching
17:27 Padded Archer Armor
22:26 Horse Collar
27:14 Castle Age
25:40 Gold Mining
27:50 Bodkin Arrow
27:17 Crossbowman
28:36 Bow Saw
30:02 Thumb Ring
32:58 Wheelbarrow
36:07 Ballistics
37:49 Elite Skirmisher
40:56 Leather Archer Armor
44:42 Imperial Age
44:07 Gold Shaft Mining
44:43 Arbalester
45:25 Bracer
46:32 Chemistry
49:41 Two-Man Saw
50:20 Ring Archer Armor
匹皮姆貓
6:45 Loom
9:36 Feudal Age
10:40 Double-Bit Axe
18:38 Fletching
26:02 Castle Age
27:21 Crossbowman
27:55 Horse Collar
28:07 Gold Mining
29:45 Bodkin Arrow
30:33 Ballistics
32:38 Padded Archer Armor
33:35 Wheelbarrow
34:02 Leather Archer Armor
39:25 Bow Saw
39:52 Gold Shaft Mining
39:13 Stone Mining
39:27 Heavy Plow
44:06 Imperial Age
43:39 Hand Cart
45:13 Conscription
46:48 Chemistry
45:22 Elite Longbowman
46:23 Yeomen
47:59 Careening
48:23 Bracer
48:54 Ring Archer Armor
TAG_MING
5:48 Loom
9:08 Feudal Age
15:30 Double-Bit Axe
19:15 Wheelbarrow
22:52 Castle Age
21:06 Horse Collar
21:17 Gold Mining
22:19 Scale Barding Armor
22:27 Bloodlines
23:45 Husbandry
24:16 Chain Barding Armor
24:21 Bow Saw
26:02 Fletching
30:54 Bodkin Arrow
38:43 Imperial Age
38:18 Heavy Plow
38:45 Cavalier
39:38 Corvinian Army
40:00 Conscription
40:40 Plate Barding Armor
42:10 Elite Magyar Huszar
44:08 Hand Cart
44:25 Crop Rotation
43:47 Stone Mining
44:33 Gold Shaft Mining
49:48 Caravan
52:22 Two-Man Saw
TAG_VA
6:07 Loom
9:16 Feudal Age
10:42 Double-Bit Axe
12:06 Horse Collar
12:39 Bloodlines
13:27 Gold Mining
17:33 Scale Barding Armor
18:39 Forging
24:31 Castle Age
25:54 Bow Saw
26:08 Chain Barding Armor
27:00 Gold Shaft Mining
27:13 Iron Casting
27:51 Husbandry
28:10 Stone Mining
28:23 Heavy Plow
29:25 Wheelbarrow
34:40 Gold Shaft Mining
37:14 Imperial Age
35:07 Hand Cart
35:58 Town Watch
37:25 Elite Battle Elephant
38:42 Plate Barding Armor
38:22 Tusk Swords
38:44 Conscription
40:34 Blast Furnace
42:40 Town Patrol
42:32 Fletching
46:20 Caravan
49:16 Light Cavalry
50:55 Hussar
Connection lost

Rejoining the realm…

Still unreachable

The connection could not be restored.

Session expired

The server has moved on; the page needs a fresh start.